 Dungeon Crawl Stone Soup version 0.18-a0-1805-g8ab820f (webtiles) character file.

1714 Mefis the Thaumaturge (level 8, -2/41 HPs)
             Began as a Deep Elf Wizard on Apr 26, 2016.
             Slain by Pikel
             ... wielding a +2 whip of freezing
              (5 damage)
             ... on level 6 of the Dungeon.
             The game lasted 00:50:00 (7856 turns).

Mefis the Thaumaturge (Deep Elf Wizard)             Turns: 7856, Time: 00:50:01

Health: -2/41      AC:  2    Str:  4    XL:     8   Next: 74%
Magic:  9/23       EV: 22    Int: 30    God:
Gold:   266        SH:  0    Dex: 18    Spells: 9 memorised, 1 level left

rFire  . . .     SeeInvis .     (weapon currently unavailable)
rCold  . . .     Gourm    .     (armour currently unavailable)
rNeg   . . .     Faith    .     (shield currently unavailable)
rPois  x         Spirit   .     (helmet currently unavailable)
rElec  .         Dismiss  +     (cloak currently unavailable)
rCorr  .         Reflect  .     (gloves currently unavailable)
SustAt .         Harm     .     (boots currently unavailable)
MR     .....                    g - amulet of dismissal
Stlth  ++++......               y - +4 ring of intelligence
                                (no ring)

@: spider-form, repel missiles, not resistant to hostile enchantments, stealthy
A: no striking features
a: End Transformation


You were on level 6 of the Dungeon.
You were not hungry.
You were a venomous arachnid creature.
You visited 2 branches of the dungeon, and saw 8 of its levels.
You also visited: Sewer.

You collected 266 gold pieces.

Inventory:

Hand Weapons
 C - a +2 dagger of draining (melded)
Missiles
 h - 20 sling bullets
 j - 38 poisoned needles
 J - 2 javelins (quivered)
Armour
 a - a +0 robe (melded)
 b - a +0 hat (melded)
 P - a +0 pair of gloves (melded)
Jewellery
 g - an amulet of dismissal (around neck)
 y - a +4 ring of intelligence (right front leg)
 L - a +6 ring of protection {unknown}
Wands
 v - a wand of slowing (25/48)
 K - a wand of random effects (25/48)
Scrolls
 i - 2 scrolls of immolation
 k - 2 scrolls of recharging {unknown}
 n - a scroll of fog
 p - a scroll of random uselessness {unknown}
 q - 2 scrolls of identify
 s - 7 scrolls of remove curse
 t - a scroll of fear {unknown}
 u - 3 scrolls of magic mapping {unknown}
 B - a scroll of teleportation {unknown}
 F - a scroll of amnesia {unknown}
 H - a scroll of enchant weapon {unknown}
 I - a scroll of enchant armour {unknown}
Potions
 e - a potion of degeneration {unknown}
 f - a potion of magic {unknown}
 l - 3 potions of flight {unknown}
 m - 3 potions of curing {unknown}
 o - 3 potions of lignification {unknown}
 r - a potion of ambrosia {unknown}
 w - a potion of cure mutation {unknown}
 x - 3 potions of heal wounds
 G - a potion of berserk rage {unknown}
 M - 2 potions of brilliance {unknown}
Books
 c - a book of Minor Magic

   Spells                             Type                      Level
   a - Magic Dart                     Conjuration                  1
   b - Blink                          Translocation                2
   c - Call Imp                       Summoning                    2
   d - Repel Missiles                 Charms/Air                   2
   e - Slow                           Hexes                        2
   f - Conjure Flame                  Conjuration/Fire             3
   g - Mephitic Cloud                 Conjuration/Poison/Air       3
 z - a book of Envenomations

   Spells                             Type                      Level
   a - Spider Form                    Transmutation/Poison         3
   b - Olgreb's Toxic Radiance        Poison                       4
   c - Alistair's Intoxication        Transmutation/Poison         5
   d - Poisonous Cloud                Conjuration/Poison/Air       6
Comestibles
 d - 3 bread rations
 D - 2 beef jerkies
 E - 3 meat rations
 N - a slice of pizza
 O - 6 chunks of flesh


   Skills:
 - Level 0.4 Short Blades
 + Level 4.1 Dodging
 + Level 4.9 Stealth
 + Level 9.4 Spellcasting
 + Level 5.2 Conjurations
 + Level 2.3 Hexes
 - Level 0.4 Charms
 + Level 3.7 Summonings
 + Level 2.3 Translocations
 + Level 2.3 Fire Magic
 + Level 2.2 Air Magic
 * Level 2.9 Poison Magic


You had one spell level left.
You knew the following spells:

 Your Spells              Type           Power        Failure   Level  Hunger
a - Magic Dart            Conj           ####         3%          1    None
b - Call Imp              Summ           #####...     6%          2    None
c - Blink                 Tloc           N/A          8%          2    None
d - Repel Missiles        Chrm/Air       ###...       12%         2    None
e - Mephitic Cloud        Conj/Pois/Air  #####...     10%         3    None
f - Conjure Flame         Conj/Fire      #####...     10%         3    None
g - Slow                  Hex            ####....     8%          2    None
h - Spider Form           Trmt/Pois      ###.......   24%         3    None
i - Poisonous Cloud       Conj/Pois/Air  #####.....   99%         6    #####..


Dungeon Overview and Level Annotations

Branches:
Dungeon (7/15)             Temple (1/1) D:6

Altars:
Elyvilon
Fedhas
Kikubaaqudgha
Makhleb
Nemelex Xobeh
Okawaru
Pakellas
Qazlal
Ru
Trog
Vehumet
Xom
Yredelemnul
Zin
The Shining One

Annotations:
D:4 UnknownArtist's ghost, amateur NaBe
D:6 Menkaure; Pikel


Message History

The slave appears confused.
The slave hits the slave but does no damage.
The slave is engulfed in noxious fumes.
The slave appears confused.
The slave is engulfed in noxious fumes.
The slave appears confused.
Pikel hits you with a whip of freezing! Pikel freezes you.
Really attack barehanded? [Y]es or [N]o only, please.
Really attack barehanded? [Y]es or [N]o only, please.
Really attack barehanded?
You hit Pikel but do no damage.
Pikel is poisoned.
Pikel is lightly wounded.
The slave is engulfed in noxious fumes.
The slave appears confused.
The slave hits something!
The slave is engulfed in noxious fumes.
The slave appears confused.
The slave hits the slave!
Pikel hits you with a whip of freezing!
* * * LOW HITPOINT WARNING * * *
Your amulet of dismissal vibrates suddenly!
Pikel freezes you.
You die...

#.# #.## ##§# ####.#
##p## ##.## #....#
##.###p##
#.##<#########.p.##
#...........§pp###
#.###########§.#
##..#.......#§.§#
####....#.._..#.K..#
...>...#########s..#
######....#.#.....[#
# ###...#......## #
#.#...######
########.#####
.........#
##########


You could see Pikel and 3 slaves.

Vanquished Creatures
  Prince Ribbit (D:5)
  Edmund (D:4)
  A black bear (D:6)
  An ogre (D:7)
  A water moccasin skeleton (D:7)
  2 scorpions
  4 howler monkeys
  A wight (D:6)
  A crimson imp (D:5)
  A centaur zombie (D:5)
  A giant frog zombie (D:6)
  A jelly (D:6)
  A quasit (D:7)
  A hound (D:6)
  3 orc wizards (D:4)
  A giant frog skeleton (D:4)
  3 iguanas
  A worker ant (D:5)
  6 gnolls
  2 river rats
  8 adders
  3 shadow imps
  An ooze (D:3)
  An adder skeleton (D:4)
  A dart slug (D:1)
  4 giant geckos
  11 orcs
  6 bats
  7 giant cockroaches
  6 goblins
  5 hobgoblins
  7 jackals
  5 quokkas
  A ball python (D:4)
  A giant gecko zombie (D:5)
  4 giant newts
  6 kobolds
  8 rats
119 creatures vanquished.

Vanquished Creatures (collateral kills)
  Eustachio (D:6)
  An ogre (D:7)
  A big kobold (Sewer)
  2 scorpions
  A hound (D:6)
  An orc wizard (D:6)
  A gnoll (D:7)
  2 river rats (Sewer)
  A worm (D:4)
  2 orcs (D:6)
  A giant cockroach (D:4)
  A jackal (Sewer)
  2 kobolds (Sewer)
  2 rats
19 creatures vanquished.

Vanquished Creatures (others)
  2 jackals (D:6)
2 creatures vanquished.

Grand Total: 140 creatures vanquished

Notes
Turn   | Place    | Note
--------------------------------------------------------------
     0 | D:1      | Mefis the Deep Elf Wizard began the quest for the Orb.
     0 | D:1      | Reached XP level 1. HP: 10/10 MP: 7/7
   217 | D:1      | Found a sparkling altar of Nemelex Xobeh.
   516 | D:1      | Reached XP level 2. HP: 15/15 MP: 6/9
   520 | D:1      | Learned a level 2 spell: Call Imp
   523 | D:1      | Learned a level 2 spell: Blink
   526 | D:1      | Learned a level 2 spell: Repel Missiles
   607 | D:1      | Reached skill level 5 in Spellcasting
  1369 | D:2      | Found an iron altar of Okawaru.
  1376 | D:2      | Reached XP level 3. HP: 19/19 MP: 5/11
  1650 | D:2      | Found a radiant altar of Vehumet.
  2024 | D:3      | Reached XP level 4. HP: 24/24 MP: 10/13
  2029 | D:3      | Learned a level 3 spell: Mephitic Cloud
  2033 | D:3      | Learned a level 3 spell: Conjure Flame
  2414 | D:3      | Found a blossoming altar of Fedhas.
  2471 | D:3      | Reached skill level 6 in Spellcasting
  2830 | D:4      | Reached XP level 5. HP: 28/28 MP: 9/15
  2837 | D:4      | Learned a level 2 spell: Slow
  3242 | D:4      | Found a glowing drain.
  3260 | D:4      | Noticed UnknownArtist's ghost (amateur NaBe)
  3303 | D:4      | Reached skill level 7 in Spellcasting
  3413 | Sewer    | Entered a sewer
  3425 | Sewer    | Reached XP level 6. HP: 29/32 MP: 9/18
  3699 | Sewer    | Found a white marble altar of Elyvilon.
  3820 | D:4      | Noticed Edmund
  4014 | D:4      | Killed Edmund
  4206 | D:4      | Reached XP level 7. HP: 33/36 MP: 11/20
  4211 | D:4      | Learned a level 3 spell: Spider Form
  4438 | D:4      | Reached skill level 8 in Spellcasting
  4441 | D:4      | Reached skill level 1 in Air Magic
  4647 | D:4      | Found a bloodstained altar of Trog.
  4647 | D:4      | Found an iron altar of Okawaru.
  4742 | D:5      | Entered Level 5 of the Dungeon
  4774 | D:5      | Noticed Prince Ribbit
  4927 | D:5      | Killed Prince Ribbit
  4927 | D:5      | Reached skill level 1 in Poison Magic
  5545 | D:6      | Noticed Eustachio
  5559 | D:6      | Killed Eustachio
  5577 | D:6      | Reached skill level 9 in Spellcasting
  5931 | D:7      | Reached XP level 8. HP: 24/41 MP: 6/23
  6067 | D:7      | Learned a level 6 spell: Poisonous Cloud
  6381 | D:7      | Reached skill level 1 in Hexes
  6382 | D:7      | Reached skill level 5 in Conjurations
  6578 | D:7      | Reached skill level 1 in Fire Magic
  7193 | D:6      | Found a staircase to the Ecumenical Temple.
  7209 | Temple   | Entered the Ecumenical Temple
  7418 | D:6      | Found a basalt altar of Yredelemnul.
  7420 | D:6      | Noticed a profane servitor
  7427 | D:6      | Found a glowing golden altar of the Shining One.
  7460 | D:6      | Noticed Menkaure
  7757 | D:6      | Found an oddly glowing altar of Pakellas.
  7827 | D:6      | Noticed Pikel
  7856 | D:6      | Slain by Pikel

Vault maps used:
D:1:      scummos_arrival_hexagon, minmay_misc_feat_doors, nrook_loot_triangle,
          nemelex_xobeh_ov_fountains_minmay
D:2:      lemuel_coloured_pillars_altar, st_stairs_1, minmay_curled_crystal,
          minmay_misc_feat_alley, grunt_decor_mini_mirrors, okawaru_trees_2
D:3:      nicolae_overflow_hidden_temple
D:4:      grunt_temple_overflow_bloody_war, portal_sewer_entry_c, uniq_edmund
D:5:      kennysheep_little_box, first_bread, hangedman_decor_riveting,
          eino_tiny_chamber, uniq_prince_ribbit1
D:6:      grunt_temple_overflow_holy_war, grunt_pakellas_basics,
          minmay_temple_entry_overgrown, minmay_misc_feat_chi, st_stairs_8,
          uniq_eustachio, uniq_menkaure, uniq_pikel
Temple:   zaba_magenta_temple_8
Sewer:    sewer_kobolds

Skill      XL: |  1  2  3  4  5  6  7  8 |
---------------+-------------------------+-----
Spellcasting   | 5 6 7 9 |  9.4
Conjurations   | 2 3 4 5 |  5.2
Dodging        | 3 4 |  4.1
Stealth        | 3 4 |  4.9
Summonings     | 2 3 |  3.7
Air Magic      | 1 2 |  2.2
Poison Magic   | 1 2 |  2.9
Hexes          | 2 |  2.3
Fire Magic     | 2 |  2.3
Translocations | 2 |  2.3
Short Blades   | |  0.4
Charms         | |  0.4

Action                   |  1- 3 |  4- 6 |  7- 9 || total
-------------------------+-------+-------+-------++-------
Melee: Unarmed           |     1 |       |    63 ||    64
       Dagger            |       |    22 |    19 ||    41
 Cast: Magic Dart        |    80 |   100 |   161 ||   341
       Repel Missiles    |     1 |       |       ||     1
       Mephitic Cloud    |       |     7 |    25 ||    32
       Conjure Flame     |       |     1 |     5 ||     6
       Call Imp          |       |    21 |    33 ||    54
       Blink             |       |     1 |     7 ||     8
       Spider Form       |       |       |     8 ||     8
  Use: Potion            |       |     1 |       ||     1
       Scroll            |       |       |     5 ||     5
 Stab: Sleeping          |       |       |     4 ||     4
       Confused          |       |       |     2 ||     2
  Eat: Chunk             |     3 |     5 |     4 ||    12
       Bread ration      |       |       |     2 ||     2
Armor: Robe              |     1 |     3 |     8 ||    12
       Skin              |       |       |    12 ||    12
Dodge: Dodged            |     9 |    28 |   150 ||   187
